 Dungeon Crawl Stone Soup version 0.30-a0-283-gf371ce1921 (webtiles) character file.

Game seed: 8845470634650754281

8602 Devinter the Thaumaturge (level 11, -4/87 HPs)
             Began as a Mummy Ice Elementalist on Sept 25, 2022.
             Was a High Priest of Ignis.
             Slain by a large slime creature (30 damage)
             ... on level 10 of the Dungeon on Oct 17, 2022.
             The game lasted 01:08:08 (7804 turns).

Devinter the Thaumaturge (Mummy Ice Elementalist)   Turns: 7804, Time: 01:08:08

Health: -4/87      AC:  5    Str: 17    XL:     11   Next: 12%
Magic:  25/25      EV: 12    Int: 18    God:    Ignis [*****.]
Gold:   588        SH:  0    Dex: 14    Spells: 15/30 levels left

rFire   . . .      SeeInvis .    m - +0 quarterstaff
rCold   + . .      Faith    +    (shield currently unavailable)
rNeg    + + +      Spirit   .    v - +1 robe of Indomitability {Regen+ Stlth- Archmagi}
rPois   ∞          Reflect  .    (no helmet)
rElec   .          Harm     .    o - +0 cloak
rCorr   .          Rampage  .    (no gloves)
Will    +....      Archmagi +    w - +0 pair of boots
Stlth   +.........               G - amulet of magic regeneration
HPRegen 1.14/turn                i - +4 ring of slaying
MPRegen 0.59/turn                A - +6 ring of strength

@: no status effects
A: cold resistance 1, negative energy resistance 3, torment resistance 2, heat
vulnerability 1, in touch with death 1, no potions, faith
a: Renounce Religion, Fiery Armour, Foxfire Swarm, Rising Flame


You were on level 10 of the Dungeon.
You worshipped Ignis.
Ignis was extremely pleased with you.
You visited 2 branches of the dungeon, and saw 11 of its levels.

You collected 588 gold pieces.

Inventory:

Hand Weapons
 d - a +0 sling
 m - a +0 quarterstaff (weapon)
 z - a +2 dagger of freezing
 F - a +0 arbalest
 K - a +2 spectral quarterstaff
Missiles
 b - 68 stones (quivered)
 l - 6 atropa-tipped darts
 n - 24 poisoned darts
 J - 2 silver boomerangs
Armour
 a - a +0 robe
 h - a +0 leather armour of fire resistance
 k - the +0 robe of Polish {rCorr SInv}
   (You found it on level 2 of the Dungeon)

   SInv:      It lets you see invisible.
   rCorr:     It protects you from acid and corrosion.
 o - a +0 cloak (worn)
 u - a +0 ring mail of cold resistance
 v - the +1 robe of Indomitability (worn) {Regen+ Stlth- Archmagi}
   (You found it on level 4 of the Dungeon)

   Regen:     It increases your rate of health regeneration.
   Archmagi:  It increases the power of your magical spells.
   Stlth:     It makes you less stealthy.
 w - a +0 pair of boots (worn)
 B - an orb of energy
 E - a +1 robe of willpower
 I - a +0 plate armour of poison resistance
Magical Staves
 r - a staff of conjuration
Jewellery
 i - a +4 ring of slaying (left hand)
 p - a ring of willpower
 A - a +6 ring of strength (right hand)
 G - an amulet of magic regeneration (around neck)
Wands
 s - a wand of paralysis (13)
 C - a wand of mindburst (17)
 H - a wand of roots (19)
 M - a wand of flame (28)
Scrolls
 c - 5 scrolls of poison {unknown}
 e - 5 scrolls of identify {unknown}
 f - 3 scrolls of enchant weapon {unknown}
 g - 5 scrolls of teleportation {unknown}
 j - 3 scrolls of enchant armour {unknown}
 q - 4 scrolls of butterflies {unknown}
 t - a scroll of fear {unknown}
 x - 2 scrolls of magic mapping {unknown}
 y - a scroll of blinking {unknown}
 D - a scroll of summoning
 L - a scroll of acquirement {unknown}
 N - a scroll of amnesia {unknown}


   Skills:
 + Level 8.6 Fighting
 - Level 2.0 Armour
 - Level 2.0 Dodging
 - Level 2.0 Stealth
 - Level 10.0 Spellcasting
 - Level 4.0 Conjurations
 - Level 2.0 Fire Magic
 - Level 8.0 Ice Magic
 - Level 2.0 Air Magic
 - Level 5.0 Evocations


You had 15 spell levels left.
You knew the following spells:

 Your Spells              Type           Power      Damage    Failure   Level
a - Freeze                Ice            100%       1d10      1%          1
b - Frozen Ramparts       Ice            100%       1d16      1%          3
c - Ozocubu's Armour      Ice            54%        N/A       1%          3
d - Hailstorm             Conj/Ice       45%        3d10      1%          3
e - Swiftness             Air            24%        N/A       11%         3
f - Passwall              Tmut/Erth      10%        N/A       12%         2

Your spell library contained the following spells:

 Spells                   Type           Power      Damage    Failure   Level
 Ensorcelled Hibernation  Hex/Ice        70%        N/A       2%          2
 Summon Small Mammal      Summ           52%        N/A       8%          1
 Call Canine Familiar     Summ           13%        N/A       24%         3
 Summon Guardian Golem    Hex/Summ       13%        N/A       24%         3
 Metabolic Englaciation   Hex/Ice        17%        N/A       38%         5
 Simulacrum               Ice/Necr       25%        N/A       93%         6
 Beastly Appendage        Tmut           Unusable   N/A       N/A         1
 Wereblood                Tmut           Unusable   N/A       N/A         2
 Ice Form                 Ice/Tmut       Unusable   N/A       N/A         4
 Spider Form              Tmut/Pois      Unusable   N/A       N/A         3

Dungeon Overview and Level Annotations

Branches:
Dungeon (10/15)            Temple (1/1) D:4            Lair (0/5) D:8
    Orc (0/2) D:9

Altars:
Ashenzari
Cheibriados
Fedhas
Gozag
Hepliaklqana
Kikubaaqudgha
Makhleb
Okawaru
Sif Muna
Trog
Uskayaw
Vehumet
Xom
Ignis

Portals:
Abyss: D:3

Annotations:
D:3 2 transporters, Necrophagist's ghost, amateur GrFi
D:9 exclusion: ice statue


Innate Abilities, Weirdness & Mutations

You are immune to poison.
Your flesh is cold resistant. (rC+)
You are immune to negative energy. (rN+++)
You are immune to unholy pain and torment.
You are vulnerable to heat. (rF-)
You are in touch with the powers of death.
You do not drink.
You have a special connection with the divine. (Faith)


Message History

You feel a surge of power!
The walls around you are covered in ice.
The wall freezes the slime creature!
The slime creature hits you but does no damage.
You barely miss the slime creature.
The slime creature is heavily wounded.
The wall freezes the slime creature.
The slime creature hits you.
The wall freezes the slime creature. x2
Two slime creatures merge to form a large slime creature.
You barely miss the large slime creature.
The large slime creature is moderately wounded.
You sock the large slime creature!
The large slime creature is heavily wounded.
The wall freezes the large slime creature.
The large slime creature misses you.
You thump the large slime creature!
The large slime creature is heavily wounded.
The wall freezes the large slime creature!
The large slime creature hits you!
The wall freezes the large slime creature!
The large slime creature hits you!!!
* * * LOW HITPOINT WARNING * * *
Your frozen ramparts will break if you move.
Continue?
The large slime creature attacks as you move away!
The large slime creature hits you!!
* * * LOW HITPOINT WARNING * * *
The frozen ramparts melt away as you move.
Casting: Frozen Ramparts (safe; 1% risk of failure)
Confirm with . or Enter, or press ? or * to list all spells.
Okay, then.
You hear the faint creaking of a very distant portcullis.
A slime creature comes into view.
The large slime creature attacks as you move away!
The large slime creature hits you.
* * * LOW HITPOINT WARNING * * *
The large slime creature attacks as you move away!
The large slime creature closely misses you.
The large slime creature attacks as you move away!
The large slime creature hits you!!
You die...

#########. ##......##>#
...####.##.# ##########
##<####.##.# #........#
##.##.#)##.# #.######.#
.......)...######.######.#
##.##.#.##......@J....##.#
#.####)#...#####.###.##.#
##.####).....# #.# #.##.#
.......)#...## #.###.##.#
##########.## #........#
#.# #####.#### #.# #.# #+#
#J# #..


You could see a large slime creature.

Vanquished Creatures
  2 two-headed ogres
  The ghost of Mandevil the Ruffian, a novice TrEE of Cheibriados (D:9)
  Joseph (D:8)
  Maurice (D:9)
  A hornet (D:9)
  Grinder (D:5)
  11 yaks
  Grum (D:8)
  A steam dragon (D:7)
  4 wargs
  A water moccasin (D:7)
  An orc warrior (D:8)
  2 sky beasts
  3 black bears
  2 ice beasts
  2 wolves (D:8)
  2 centaurs
  A phantom (D:6)
  3 kobold brigands
  4 bullfrogs
  2 necrophages
  3 scorpions
  5 killer bees
  2 howler monkeys
  4 crimson imps (D:7)
  A quasit (D:5)
  3 hounds
  7 orc priests
  16 orc wizards
  3 iguanas
  4 gnolls (D:8)
  6 adders
  2 shadow imps (D:5)
  2 white imps
  8 ufetubi
  A dart slug (D:3)
  44 orcs
  9 endoplasms
  4 giant cockroaches
  3 goblins
  13 hobgoblins
  9 kobolds
  3 quokkas
  5 ball pythons
  8 bats
  3 frilled lizards
  7 rats
222 creatures vanquished.

Vanquished Creatures (others)
  2 demonic plants (D:5)
2 creatures vanquished.

Grand Total: 224 creatures vanquished

Notes
Turn   | Place    | Note
-------+----------+-------------------------------------------
     0 | D:1      | Devinter the Mummy Ice Elementalist began the quest for the
                  | Orb.
     0 | D:1      | Reached XP level 1. HP: 13/13 MP: 4/4
   258 | D:1      | Found a faded altar of an unknown god.
   265 | D:1      | Prayed at the altar of an unknown god.
   265 | D:1      | Became a worshipper of Ignis, the Dying Flame
   292 | D:1      | Upgraded the game from 0.30-a0-141-g30f27751c5 to
                  | 0.30-a0-162-g2ba88f6271
   297 | D:1      | Reached XP level 2. HP: 19/19 MP: 5/5
   391 | D:1      | Reached skill level 3 in Spellcasting
   517 | D:1      | Reached skill level 2 in Stealth
   673 | D:2      | Reached skill level 2 in Dodging
   682 | D:2      | Identified the +0 robe of Polish {rCorr SInv}
   715 | D:2      | Found a snail-covered altar of Cheibriados.
   734 | D:2      | Gained mutation: You are in touch with the powers of death.
                  | [Mummy growth]
   734 | D:2      | Reached XP level 3. HP: 21/24 MP: 3/7
   850 | D:2      | Reached skill level 4 in Ice Magic
  1081 | D:2      | Reached XP level 4. HP: 30/30 MP: 6/8
  1410 | D:3      | Reached skill level 1 in Conjurations
  1449 | D:3      | Noticed Necrophagist's ghost (amateur GrFi)
  1464 | D:3      | Learned a level 3 spell: Frozen Ramparts
  1468 | D:3      | Learned a level 3 spell: Ozocubu's Armour
  1483 | D:3      | Found a one-way gate to the infinite horrors of the Abyss.
  1538 | D:3      | Noticed an ancient zyme
  1550 | D:3      | Reached skill level 4 in Spellcasting
  1564 | D:3      | Found a burning altar of Makhleb.
  1585 | D:3      | Identified the +1 robe of Devotion {rC+ MP-9 Str+3 SInv}
  1592 | D:3      | Found a transporter.
  1817 | D:3      | Found a bloodstained altar of Trog.
  1858 | D:3      | Found a hide-covered altar of Uskayaw.
  1901 | D:3      | Found a transporter.
  1947 | D:4      | Reached XP level 5. HP: 35/35 MP: 5/11
  1956 | D:4      | Reached skill level 2 in Conjurations
  2302 | D:4      | Identified the +1 robe of Indomitability {Regen+ Stlth-
                  | Archmagi}
  2318 | D:4      | Learned a level 3 spell: Hailstorm
  2616 | D:4      | Found a staircase to the Ecumenical Temple.
  2622 | D:4      | Reached skill level 5 in Spellcasting
  2626 | Temple   | Entered the Ecumenical Temple
  2782 | D:4      | Reached XP level 6. HP: 41/41 MP: 13/13
  2871 | D:4      | Noticed a sky beast
  2921 | D:4      | Killed a sky beast
  2922 | D:4      | Reached skill level 3 in Conjurations
  2922 | D:4      | Reached skill level 1 in Fighting
  3115 | D:5      | Entered Level 5 of the Dungeon
  3151 | D:5      | Reached skill level 2 in Fighting
  3252 | D:5      | Reached skill level 3 in Fighting
  3292 | D:5      | Reached XP level 7. HP: 53/53 MP: 10/14
  3396 | D:5      | Reached skill level 4 in Fighting
  3402 | D:5      | Noticed Grinder
  3407 | D:5      | Paralysed by Grinder for 4 turns
  3500 | D:5      | Killed Grinder
  3501 | D:5      | Reached skill level 5 in Fighting
  3685 | D:5      | Reached skill level 5 in Ice Magic
  3785 | D:6      | Reached skill level 1 in Fire Magic
  3785 | D:6      | Reached XP level 8. HP: 60/62 MP: 5/16
  4120 | D:6      | Found a blossoming altar of Fedhas.
  4227 | D:6      | Reached skill level 6 in Spellcasting
  4227 | D:6      | Reached skill level 2 in Fire Magic
  4315 | D:6      | Reached skill level 4 in Conjurations
  4508 | D:7      | Found a shimmering altar of Xom.
  4532 | D:7      | Reached skill level 7 in Spellcasting
  4578 | D:7      | Reached skill level 6 in Ice Magic
  4870 | D:7      | Reached XP level 9. HP: 54/68 MP: 20/20
  4990 | D:7      | Found a shimmering blue altar of Sif Muna.
  5254 | D:7      | Reached skill level 8 in Spellcasting
  5464 | D:7      | Noticed a two-headed ogre
  5473 | D:7      | Killed a two-headed ogre
  5474 | D:7      | Reached skill level 8 in Ice Magic
  5477 | D:7      | Reached skill level 1 in Armour
  5477 | D:7      | Reached skill level 1 in Evocations
  5672 | D:7      | Reached skill level 2 in Armour
  5672 | D:7      | Reached skill level 2 in Evocations
  5711 | D:8      | Reached skill level 3 in Evocations
  5788 | D:8      | Found a staircase to the Lair.
  5793 | D:8      | Reached XP level 10. HP: 57/74 MP: 18/22
  5795 | D:8      | Reached skill level 4 in Evocations
  5910 | D:8      | Learned a level 3 spell: Swiftness
  6154 | D:8      | Noticed Joseph
  6169 | D:8      | Killed Joseph
  6170 | D:8      | Reached skill level 1 in Air Magic
  6170 | D:8      | Reached skill level 5 in Evocations
  6234 | D:8      | Noticed Grum
  6239 | D:8      | Reached skill level 2 in Air Magic
  6240 | D:8      | Killed Grum
  6307 | D:8      | Found a broken altar of Ashenzari.
  6342 | D:8      | Found an opulent altar of Gozag.
  6529 | D:8      | Found an iron altar of Okawaru.
  6625 | D:9      | Noticed a two-headed ogre
  6626 | D:9      | Reached skill level 9 in Spellcasting
  6684 | D:9      | Noticed an ice statue
  6699 | D:9      | Reached skill level 10 in Spellcasting
  6748 | D:9      | Learned a level 2 spell: Passwall
  6810 | D:9      | Reached skill level 6 in Fighting
  6849 | D:9      | Killed a two-headed ogre
  6850 | D:9      | Reached skill level 7 in Fighting
  6886 | D:9      | Upgraded the game from 0.30-a0-162-g2ba88f6271 to
                  | 0.30-a0-283-gf371ce1921
  7026 | D:9      | Found a staircase to the Orcish Mines.
  7145 | D:9      | Noticed Maurice
  7167 | D:9      | Killed Maurice
  7168 | D:9      | Reached skill level 8 in Fighting
  7168 | D:9      | Reached XP level 11. HP: 86/86 MP: 25/25
  7600 | D:9      | Found a runed translucent door.
  7600 | D:9      | Noticed Mandevil's ghost (novice TrEE)
  7613 | D:9      | Killed Mandevil's ghost
  7698 | D:10     | Entered Level 10 of the Dungeon
  7804 | D:10     | Slain by a large slime creature

Illustrated notes

Levels and vault maps discovered:
D:1:      wander_arrival_peaceful_grave, layout_loops_ring,
          chequers_ecumenical_altar_simple_redux, minmay_door_square,
          minmay_strange_pillars
D:2:      layout_basic, basic_altar, minmay_tall_x
D:3:      layout_basic, mainiacjoe_overflow_alcove_2, lightli_temple_of_fire,
          lemuel_tele_altar, gammafunk_ghost_abyssal_escape
D:4:      layout_layer_cave, minmay_temple_entry_proselytizer
D:5:      layout_rooms, serial_demonic, serial_demonic_f, serial_demonic_d,
          serial_demonic_a, serial_demonic_e, uniq_grinder
D:6:      cheibrodos_quashed, layout_rooms, overflow_temple_1_default
D:7:      layout_layer_cave, mainiacjoe_overflow_alcove_4, led_xom_imps,
          mainiacjoe_overflow_catwalk, amcnicky_mini_corridor_feature,
          kennysheep_path_1, grunt_ministairs_3
D:8:      layout_gridville, marbit_many_paths, cheibrodos_ashenzari_chains,
          okawaru_ov_weapons_minmay, erik_lair_orcish_takeover, uniq_grum,
          uniq_joseph
D:9:      layout_basic, erik_orc_4, serial_aquarium, aquarium_bridge_square
          [aquarium_subvault_bridge, aquarium_subvault_bridge,
          aquarium_subvault_window, aquarium_subvault_window],
          aquarium_bridge_straight [aquarium_subvault_bridge,
          aquarium_subvault_wall, aquarium_subvault_bridge,
          aquarium_subvault_window], aquarium_window_corner,
          aquarium_window_fake, aquarium_window_1, aquarium_window_fake,
          aquarium_view_2c, aquarium_view_2c, gammafunk_ghost_grave,
          minivault_15, st_stairs_2, uniq_maurice
D:10:     statuecave_lemuel, layout_loops_corners, grunt_dithmenos_smoke,
          enter_bailey_4, uniq_snorg, uniq_fannar
Temple:   pf_slime_end_temple

Skill      XL: |  1  2  3  4  5  6  7  8  9 10 |
---------------+-------------------------------+-----
Spellcasting   | 3 4 5 7 8 10 | 10.0
Stealth        | 2 |  2.0
Dodging        | 2 |  2.0
Ice Magic      | 4 5 6 8 |  8.0
Conjurations   | 1 2 3 4 |  4.0
Fighting       | 3 5 8 |  8.6
Fire Magic     | 1 2 |  2.0
Armour         | 2 |  2.0
Evocations     | 3 5 |  5.0
Air Magic      | 2 |  2.0

Action                   |  1- 3 |  4- 6 |  7- 9 | 10-12 || total
-------------------------+-------+-------+-------+-------++-------
Melee: Quarterstaff      |       |    11 |    66 |    72 ||   149
       Dagger            |       |       |    16 |       ||    16
 Fire: Sling             |    59 |    82 |    31 |       ||   172
Throw: Dart              |       |       |       |     3 ||     3
 Cast: Freeze            |    30 |    44 |    59 |    37 ||   170
       Frozen Ramparts   |       |     4 |    15 |    14 ||    33
       Ozocubu's Armour  |       |     1 |     6 |     6 ||    13
       Hailstorm         |       |     1 |     4 |    16 ||    21
Armor: Robe              |    10 |    22 |    52 |    25 ||   109
Dodge: Dodged            |    18 |    53 |   125 |    65 ||   261

Table legend: (Time is in decaauts)
 A = Elapsed time spent in this place.
 B = Non-inter-level travel time spent in this place.
 C = Inter-level travel time spent in this place.
 D = Time resting spent in this place.
 E = Time spent auto-exploring this place.
 F = Levels seen in this place.
 G = Mean time per level.
                   A        B        C        D        E       F      G
               +--------+--------+--------+--------+--------+-----+--------+
         Total |   7909 |   7669 |    240 |    915 |   2233 |  11 |  719.0 |
       Dungeon |   7888 |   7648 |    240 |    915 |   2233 |  10 |  788.8 |
        Temple |     21 |     21 |      0 |      0 |      0 |   1 |   21.0 |
               +--------+--------+--------+--------+--------+-----+--------+

Top non-repeatable levels by time:
     D:7: 1337 daAuts
     D:4: 1221 daAuts
     D:9: 1036 daAuts
     D:8: 982 daAuts
     D:2: 680 daAuts
     D:1: 663 daAuts
     D:3: 629 daAuts
     D:6: 623 daAuts
     D:5: 603 daAuts
    D:10: 108 daAuts
  Temple: 21 daAuts
